 Dungeon Crawl Stone Soup version 0.31-a0-1027-gfb7600b534 (webtiles) character file.

Game seed: 6380672139674833695

201534 Avanven the Brawler (level 17, 0/166 HPs)
             Began as a Troll Shapeshifter on Nov 18, 2023.
             Was the Champion of Okawaru.
             Slain by an entropy weaver (12 damage)
             ... on level 4 of the Spider Nest.
             The game lasted 02:24:58 (37383 turns).

Avanven the Brawler (Troll Shapeshifter)           Turns: 37383, Time: 02:24:59

Health: 0/166      AC: 17    Str: 32      XL:     17   Next: 91%
Magic:  3/19       EV: 10    Int:  6      God:    Okawaru [******]
Gold:   2693       SH:  5    Dex:  8 (9)  Spells: 16/16 levels left

rFire   . .          .
                       - Unarmed
rCold   + . .        (no shield)
rNeg    . . .        p - +3 swamp dragon scales
rPois   +            (helmet restricted)
rElec   .            I - +2 cloak {Will+}
rCorr   .            (gloves unavailable)
SInv    +            (boots unavailable)
Will    ++...        i - amulet of Rogroe {Reflect rC+ SH+5}
Stlth   x              - +4 ring of protection
HPRegen 1.27/turn    o - ring of see invisible
MPRegen 0.16/turn

%: reflection
@: corroded, slowed, unable to read, very slow
A: large, unfitting armour, claws 3, regeneration 1, shaggy fur 1, tough skin 1,
inability to read after injury 1
}: 1/15 runes: decaying
a: Renounce Religion, Heroism, Finesse, Duel


You were on level 4 of the Spider Nest.
You worshipped Okawaru.
Okawaru was exalted by your worship.
You visited 6 branches of the dungeon, and saw 31 of its levels.
You also visited: Gauntlet.

You collected 4275 gold pieces.
You spent 1582 gold pieces at shops.

Inventory:

Hand Weapons
 O - the +8 Wrath of Trog {antimagic, *Rage Rampage}
   (Okawaru gifted it to you on level 9 of the Dungeon)

   It causes slowness and exhaustion when equipped.
   It extends the wielder's berserk rage when killing foes.
   *Rage:     It berserks you when you make melee attacks (+50% chance).
   Rampage:   It bestows one free step when moving towards enemies.
Missiles
 v - 40 large rocks (quivered)
 D - 34 silver javelins
 Y - a throwing net
Armour
 p - +3 swamp dragon scales (worn)
 s - a scarf of resistance
 E - the +1 cloak of the Ecumenical Temple {Fly}
   (You found it in a Gauntlet)

   Fly:       It grants you flight.
 I - a +2 cloak of willpower (worn)
 Q - the +0 pearl dragon scales "Uzxa" {rElec rF+++ rC- rN+ Str-5}
   (Okawaru gifted it to you on level 9 of the Dungeon)

   Str-5:     It affects your strength (-5).
   rF+++:     It renders you almost immune to fire.
   rC-:       It makes you vulnerable to cold.
   rElec:     It insulates you from electricity.
   rN+:       It protects you from negative energy.
Jewellery
 h - a ring of resist corrosion
 i - the amulet of Rogroe (around neck) {Reflect rC+ SH+5}
   (You acquired it on level 2 of the Lair of Beasts)

   [amulet of reflection]

   Reflect:   It reflects blocked missile attacks.
   rC+:       It protects you from cold.
   SH+5:      It affects your SH (+5).
 o - a ring of see invisible (right claw)
 x - a +4 ring of protection (left claw)
 y - an amulet of faith
 L - a ring of protection from cold
 S - a ring of willpower
Talismans
 b - a dragon-blood talisman
 c - a beast talisman
 d - a flux talisman
 J - a serpent talisman
 R - a blade talisman
Wands
 m - a wand of flame (54)
 u - a wand of paralysis (21)
 B - a wand of iceblast (33)
 G - a wand of digging (5)
 H - a wand of polymorph (18)
 K - a wand of mindburst (12)
 N - a wand of light (10)
Scrolls
 f - 2 scrolls of poison
 j - 3 scrolls of immolation
 n - 5 scrolls of teleportation
 r - 6 scrolls of identify
 t - a scroll of revelation
 F - 2 scrolls of fog
 M - a scroll of torment
 U - a scroll of enchant armour
 V - a scroll of silence
Potions
 a - 4 potions of mutation
 e - 2 potions of ambrosia
 g - 4 potions of brilliance
 k - a potion of lignification
 l - 2 potions of cancellation
 q - 3 potions of berserk rage
 w - a potion of magic
 z - 8 potions of might
 A - 2 potions of invisibility
 C - 3 potions of enlightenment
 P - a potion of heal wounds
 T - a potion of resistance
 X - a potion of curing


   Skills:
 + Level 10.1 Fighting
 - Level 8.2 Throwing
 + Level 8.2 Armour
 - Level 6.3 Dodging
 * Level 20.6 Unarmed Combat
 - Level 4.6 Invocations
 - Level 16.3 Shapeshifting


You had 16 spell levels left.
You didn't know any spells.
Your spell library contained the following spells:

 Spells                   Type           Power      Damage    Failure   Level
 Freeze                   Ice            0%         1d3       54%         1
 Kiss of Death            Conj/Necr      0%         2d5       54%         1
 Magic Dart               Conj           0%         1d3       54%         1
 Necrotise                Necr           0%         1d4       54%         1
 Ensorcelled Hibernation  Hex/Ice        0%         N/A       69%         2
 Jinxbite                 Hex            0%         N/A       69%         2
 Lesser Beckoning         Tloc           0%         N/A       69%         2
 Poisonous Vapours        Pois/Air       0%         N/A       69%         2
 Confusing Touch          Hex            0%         N/A       89%         3
 Frozen Ramparts          Ice            0%         1d1       89%         3
 Gell's Gravitas          Tloc           0%         N/A       89%         3
 Hailstorm                Conj/Ice       0%         3d3       89%         3
 Mephitic Cloud           Conj/Pois/Air  0%         N/A       89%         3
 Ozocubu's Armour         Ice            0%         N/A       89%         3
 Stone Arrow              Conj/Erth      0%         3d7       89%         3
 Teleport Other           Tloc           0%         N/A       89%         3
 Vampiric Draining        Necr           0%         2d6       89%         3
 Anguish                  Hex/Necr       0%         N/A       100%        4
 Cause Fear               Hex            0%         N/A       100%        4
 Dispel Undead            Necr           0%         3d6       100%        4
 Olgreb's Toxic Radiance  Pois           0%         N/A       100%        4
 Petrify                  Tmut/Erth      0%         N/A       100%        4
 Agony                    Necr           0%         N/A       100%        5
 Alistair's Intoxication  Tmut/Pois      0%         N/A       100%        5
 Borgnjor's Vile Clutch   Necr/Erth      0%         N/A       100%        5
 Freezing Cloud           Conj/Ice/Air   0%         6-21      100%        5
 Iskenderun's Battlesphe  Conj           0%         2d6       100%        5
 Metabolic Englaciation   Hex/Ice        0%         N/A       100%        5
 Bombard                  Conj/Erth      0%         9d1       100%        6
 Conjure Ball Lightning   Conj/Air       0%         3x3d6     100%        6
 Dispersal                Tloc           0%         N/A       100%        6
 Eringya's Noxious Bog    Tmut/Pois      0%         4d6       100%        6
 Enfeeble                 Hex            0%         N/A       100%        7
 Orb of Destruction       Conj           0%         9d5       100%        7
 Ozocubu's Refrigeration  Ice            0%         4d7       100%        7
 Discord                  Hex            0%         N/A       100%        8
 Disjunction              Tloc           0%         N/A       100%        8
 Ignition                 Fire           0%         3d3       100%        8
 Lehudib's Crystal Spear  Conj/Erth      0%         10d2      100%        8
 Polar Vortex             Ice            0%         N/A       100%        9
 Call Imp                 Summ           Unusable   N/A       N/A         2
 Summon Guardian Golem    Hex/Summ       Unusable   N/A       N/A         3
 Animate Armour           Summ/Erth      Unusable   N/A       N/A         4
 Simulacrum               Ice/Necr       Unusable   N/A       N/A         6
 Spellforged Servitor     Conj/Summ      Unusable   N/A       N/A         7

Dungeon Overview and Level Annotations

Branches:
Dungeon (15/15)            Temple (1/1) D:6            Lair (5/5) D:9
  Swamp (4/4) Lair:2       Spider (4/4) Lair:2        Slime (0/5) Lair:5
    Orc (2/2) D:12            Elf (0/3) Orc:2        Vaults (0/5) D:13
 Depths (0/4) D:15        Gauntlet (visited)

Altars:
Ashenzari
Cheibriados
Dithmenos
Elyvilon
Fedhas
Gozag
Hepliaklqana
Kikubaaqudgha
Makhleb
Nemelex Xobeh
Okawaru
Qazlal
Ru
Sif Muna
Trog
Uskayaw
Vehumet
Wu Jian
Xom
Yredelemnul
Zin
The Shining One
Jiyva

Shops:
D:2 !   D:4 (*   D:8 [*   D:9 :   D:10 *   Orc:1 !   Orc:2 [*?[=

Annotations:
D:9 2 transporters, Malachi's ghost, novice DsSh


Innate Abilities, Weirdness & Mutations

You are too large for most types of armour.
You have claws for hands.
Your natural rate of healing is unusually fast.
You are covered in fur. (AC +1)
You have tough skin. (AC +1)
You occasionally lose the ability to read scrolls when taking damage.


Message History

The entropy weaver hits you but does no damage.
The moth of wrath goads the tarantella on!
The tarantella goes berserk!
The tarantella touches you!
The redback bites you but does no damage.
In your confused state, you trip and fall back down the stairs.
You feel less confused.
The tarantella touches you but does no damage.
The tarantella closely misses you. The entropy weaver hits you.
The entropy weaver hits you but does no damage.
The entropy weaver misses you. The entropy weaver barely misses you.
The redback bites you.
You feel threatened and lose the ability to read scrolls!
The entropy weaver casts a spell at you.
The entropic weave corrodes you! The tarantella touches you!!
* * * LOW HITPOINT WARNING * * *
The redback bites you.
* * * LOW HITPOINT WARNING * * *
Unknown command.
Okay, then.
You feel much better.
The tarantella touches you but does no damage. x2
The redback bites you. You block the entropy weaver's attack.
The entropy weaver hits you but does no damage.
The entropy weaver closely misses you.
The entropy weaver hits you but does no damage.
The tarantella touches you!!
The moth of wrath goads the redback on!
The redback goes berserk!
The redback closely misses you.
The entropy weaver hits you but does no damage.
The entropy weaver barely misses you. x3
The tarantella touches you but does no damage.
You block the redback's attack.
The tarantella touches you but does no damage.
The redback bites you!!
* * * LOW HITPOINT WARNING * * *
The tarantella touches you!!
* * * LOW HITPOINT WARNING * * *
The entropy weaver hits you but does no damage. x2
The entropy weaver completely misses you.
The entropy weaver hits you!
You die...

#....#####,,,,*#.......#^...
#.#......##,,**#.......#..#.
###.......#,**,#([.....##^#^
#....##..###*,,#...(...#***,
#.....#....###.#########,,**
#.#^.##...##.#...# *,,,,,,
###..^#.#....^.###****,*^*^,
#..####....s...#*,******,,
#.#* #.B@.#..##,,*,,**^,^
*** ###wss##..##*,,,^*,,,*
#.^..y.......,,,,,,,,*
**#.#.#####.#^#,,,,,,,**
*...^..**,**,,,*,^,,***
*##..#.#w*,*,*,,,,****
***^...##..B,^**,,,,*
*,.#..,**#,..*,*,,,,*
*,....,**,,..^*,,,,,*


You could see a broodmother, an entropy weaver, a torpor snail, a moth of wrath,
a tarantella (berserk) and a redback (berserk).

Vanquished Creatures
  Arachne (Spider:2)
  A tentacled monstrosity (Swamp:1)
  Jorgrun (D:12)
  Rupert (D:15)
  The ghost of flt the Scorcher, an adept DgFE (Spider:4)
  A thorn hunter (Swamp:4)
  Frances (Swamp:2)
  A ghost moth (Spider:4)
  2 emperor scorpions
  4 broodmothers
  4 eleionomae
  Nessos (D:13)
  A minotaur (Gauntlet)
  9 bunyips
  2 spark wasps (Spider:3)
  Josephine (D:11)
  5 shambling mangroves
  2 entropy weavers
  3 ice dragons
  A jorogumo (Spider:2)
  Erolcha (D:9)
  A catoblepas (Lair:3)
  21 hydras
  3 ghost crabs
  8 alligators
  4 centaur warriors
  2 ogre magi (Orc:2)
  3 boulder beetles
  A radroach (Spider:3)
  11 two-headed ogres
  Erica (D:9)
  A tengu warrior (D:13)
  A hell hog (Gauntlet)
  An orc high priest (Orc:1)
  Urug (D:11)
  5 demonic crawlers
  4 spriggans
  A fire crab (Lair:4)
  A skyshark (Lair:4)
  6 goliath frogs
  7 pharaoh ants
  3 spriggan druids
  3 sun moths
  A skeletal warrior (D:13)
  14 swamp dragons
  2 deep trolls (Orc:2)
  6 orb spiders
  4 bog bodies
  2 orc knights
  2 steelbarb worms
  2 deep elf pyromancers
  2 lindwurms (Lair:5)
  11 wolf spiders
  An ugly thing (D:13)
  4 cyclopes
  2 orc sorcerers (Orc:1)
  6 will-o-the-wisps
  15 elephants
  10 black mambas
  Maggie (D:7)
  A gargoyle (D:12)
  17 cane toads
  2 kobold demonologists
  A minotaur zombie (Gauntlet)
  2 large abominations (Gauntlet)
  8 torpor snails
  2 unseen horrors
  3 yaktaurs (D:15)
  An efreet (D:15)
  11 komodo dragons
  A rime drake (Lair:1)
  A tengu conjurer (D:13)
  The ghost of kskgo the Chopper, an amateur MiBe of Trog (D:5)
  12 polar bears
  11 trolls
  7 meliai
  A queen bee (Gauntlet)
  A hornet (shapeshifter) (D:15)
  3 raiju (Lair:5)
  Grinder (D:3)
  8 tyrant leeches
  6 dream sheep (Lair:3)
  21 hornets
  17 tarantellas
  6 blink frogs
  20 jumping spiders
  12 slime creatures
  16 culicivoras
  13 flying skulls (Gauntlet)
  5 wraiths
  A culicivora (shapeshifter) (D:12)
  47 yaks
  8 shadows
  8 wyverns
  2 vampires
  15 humans (D:13)
  2 fire bats (Gauntlet)
  An unseen horror simulacrum (D:8)
  2 basilisks
  38 redbacks
  A steam dragon (D:7)
  13 vampire mosquitoes
  6 wargs
  15 swamp worms
  17 hell hounds
  4 acid dragons
  15 water moccasins
  8 swamp drakes
  3 ice beasts (D:8)
  12 orc warriors
  14 black bears
  3 sky beasts
  19 wolves
  21 ogres
  5 centaurs
  2 phantoms
  2 kobold brigands
  13 bullfrogs
  2 gnoll sergeants (D:12)
  2 scorpions
  3 small abominations (Gauntlet)
  A hornet simulacrum (D:8)
  11 wights
  23 killer bees
  2 howler monkeys
  3 electric eels
  2 hounds
  3 jellies
  8 orc priests
  4 sleepcaps
  2 gnoll boudas (D:5)
  Terence (D:3)
  5 iguanas
  11 orc wizards
  4 hell rats (Lair:2)
  Robin (D:3)
  21 gnolls
  12 adders
  11 white imps
  2 ufetubi (D:6)
  A worm (D:2)
  A dart slug (D:2)
  52 orcs
  5 ball pythons
  6 bats
  4 endoplasms
  6 giant cockroaches
  14 hobgoblins
  14 kobolds
  2 quokkas (D:2)
  3 frilled lizards
  16 goblins
  8 rats
992 creatures vanquished.

Vanquished Creatures (others)
  A swamp drake (Swamp:1)
  An orc priest (Orc:1)
  23 foxfires
25 creatures vanquished.

Grand Total: 1017 creatures vanquished

Notes
Turn   | Place    | Note
-------+----------+-------------------------------------------
     0 | D:1      | Avanven the Troll Shapeshifter began the quest for the Orb.
     0 | D:1      | Reached XP level 1. HP: 18/18 MP: 0/0
    66 | D:1      | Reached skill level 1 in Fighting
    74 | D:1      | Reached XP level 2. HP: 27/27 MP: 1/1
   534 | D:1      | Reached XP level 3. HP: 26/33 MP: 2/2
   984 | D:2      | Reached skill level 4 in Unarmed Combat
  1082 | D:2      | Reached XP level 4. HP: 39/41 MP: 3/3
  1127 | D:2      | Found Caigguyh's Distillery.
  1557 | D:3      | Noticed Grinder
  1572 | D:3      | Killed Grinder
  1573 | D:3      | Reached skill level 5 in Unarmed Combat
  1573 | D:3      | Reached XP level 5. HP: 40/50 MP: 4/4
  1573 | D:3      | Reached XP level 6. HP: 47/59 MP: 5/5
  1589 | D:3      | Noticed Terence
  1599 | D:3      | Killed Terence
  1622 | D:3      | Noticed Robin
  1634 | D:3      | Killed Robin
  2497 | D:4      | Reached skill level 6 in Unarmed Combat
  2502 | D:4      | Reached XP level 7. HP: 43/67 MP: 6/6
  2585 | D:4      | Found Qaurph's Assorted Antiques.
  2641 | D:4      | Found Yfraso's Weapon Shoppe.
  2671 | D:4      | Found a broken altar of Ashenzari.
  2887 | D:4      | Found a hide-covered altar of Uskayaw.
  2975 | D:4      | Found a basalt altar of Yredelemnul.
  3000 | D:5      | Entered Level 5 of the Dungeon
  3065 | D:5      | Reached skill level 5 in Shapeshifting
  3108 | D:5      | Found a large runed translucent door.
  3109 | D:5      | Found a large runed translucent door.
  3110 | D:5      | Noticed kskgo's ghost (amateur MiBe)
  3128 | D:5      | Reached skill level 7 in Unarmed Combat
  3137 | D:5      | Reached XP level 8. HP: 42/78 MP: 7/7
  3364 | D:5      | Found an iron altar of Okawaru.
  3369 | D:5      | Became a worshipper of Warmaster Okawaru
  3393 | D:5      | Identified the +0 leather armour of Ryedghe Rucs {rF+ rN+
                  | Int+2}
  3814 | D:5      | Killed kskgo's ghost
  3815 | D:5      | Reached skill level 8 in Unarmed Combat
  3977 | D:6      | Reached * piety under Okawaru
  4200 | D:6      | Found a staircase to the Ecumenical Temple.
  4372 | D:6      | Found an ornate altar of the Wu Jian Council.
  4497 | D:6      | Reached XP level 9. HP: 71/87 MP: 8/8
  4517 | D:6      | Reached skill level 9 in Unarmed Combat
  4941 | D:6      | Identified the +4 short sword "Lextamumm" {flame, Drain
                  | rPois rF+}
  5042 | D:7      | Noticed Maggie
  5052 | D:7      | Killed Maggie
  5052 | D:7      | Reached ** piety under Okawaru
  5053 | D:7      | Reached skill level 5 in Fighting
  5062 | D:7      | HP: 3/88 [something (8)]
  5375 | D:7      | Reached skill level 10 in Unarmed Combat
  5688 | Temple   | Entered the Ecumenical Temple
  5755 | D:8      | Noticed a polar bear
  5906 | D:8      | Noticed a polar bear
  6029 | D:8      | Reached *** piety under Okawaru
  6193 | D:7      | Reached XP level 10. HP: 61/98 MP: 9/9
  6436 | D:8      | Reached **** piety under Okawaru
  6533 | D:8      | Reached skill level 11 in Unarmed Combat
  6657 | D:8      | Noticed an orange demon
  6796 | D:8      | Found Ogikuhowki's Mass Market.
  6848 | D:8      | Reached ***** piety under Okawaru
  6980 | D:8      | Found Erchomumu's Antique Armour Shoppe.
  7580 | D:9      | Noticed a two-headed ogre
  7580 | D:9      | Found a staircase to the Lair.
  7586 | D:9      | Killed a two-headed ogre
  7586 | D:9      | Received a gift from Okawaru
  7587 | D:9      | Reached XP level 11. HP: 83/107 MP: 10/10
  7721 | D:9      | Found a transporter.
  7722 | D:9      | Identified the +1 dire flail "Cima" {drain, Str+3}
  7722 | D:9      | Identified the +2 great mace "Pyxugi" {heavy, rPois}
  7722 | D:9      | Noticed a two-headed ogre
  7722 | D:9      | Noticed a two-headed ogre
  7722 | D:9      | Noticed Malachi's ghost (novice DsSh)
  7722 | D:9      | Noticed a two-headed ogre
  7723 | D:9      | Noticed a two-headed ogre
  7724 | D:9      | Found a transporter.
  7745 | D:9      | Found Lonanobb's Vocational Training.
  7780 | D:9      | Found a snail-covered altar of Cheibriados.
  7784 | D:9      | Found a glowing golden altar of the Shining One.
  7787 | D:9      | Found a sacrificial altar of Ru.
  7787 | D:9      | Found a hazy altar of Hepliaklqana.
  7794 | D:9      | Found an opulent altar of Gozag.
  7932 | D:9      | Reached skill level 12 in Unarmed Combat
  8188 | D:9      | Reached skill level 5 in Dodging
  8193 | D:9      | Found a blossoming altar of Fedhas.
  8249 | D:9      | Noticed Erolcha
  8270 | D:9      | Killed Erolcha
  8317 | D:9      | Noticed Erica
  8332 | D:9      | Killed Erica
  8562 | D:10     | Entered Level 10 of the Dungeon
  8868 | D:10     | Noticed a two-headed ogre
  8887 | D:10     | Killed a two-headed ogre
  8887 | D:10     | Received a gift from Okawaru
  9255 | D:10     | Found Wuugiett's Lightly-Used Armoury.
  9444 | D:11     | Noticed Urug
  9452 | D:11     | Killed Urug
  9511 | D:11     | Reached skill level 13 in Unarmed Combat
  9552 | D:11     | Noticed a boulder beetle
  9608 | D:11     | Killed a boulder beetle
  9619 | D:11     | Identified the +2 helmet of Whack-A-Mole {Str-2 Int+2
                  | Slay+3}
  9664 | D:11     | Received a gift from Okawaru
  9712 | D:11     | Noticed a boulder beetle
  9751 | D:11     | Killed a boulder beetle
  9752 | D:11     | Reached XP level 12. HP: 75/119 MP: 11/11
  9870 | D:11     | Noticed Josephine
  9877 | D:11     | Killed Josephine
 10207 | D:12     | Received a gift from Okawaru
 10390 | D:12     | Reached skill level 1 in Armour
 10651 | D:12     | Found a staircase to the Orcish Mines.
 10690 | D:12     | Found a broken altar of Ashenzari.
 10911 | D:12     | Reached skill level 14 in Unarmed Combat
 10993 | D:12     | Noticed Jorgrun
 11017 | D:12     | Killed Jorgrun
 11757 | Lair:1   | Entered Level 1 of the Lair of Beasts
 11820 | Lair:1   | Reached ****** piety under Okawaru
 11836 | D:9      | Acquired the +0 pearl dragon scales "Uzxa" {rElec rF+++ rC-
                  | rN+ Str-5}
 11836 | D:9      | Received a gift from Okawaru
 11852 | D:9      | Acquired the +8 Wrath of Trog {antimagic, *Rage Rampage}
 11852 | D:9      | Received a gift from Okawaru
 11852 | D:9      | Found the +8 Wrath of Trog {antimagic, *Rage Rampage}
 11951 | Lair:1   | Received a gift from Okawaru
 11973 | Lair:1   | Reached skill level 10 in Shapeshifting
 12142 | Lair:1   | Reached XP level 13. HP: 128/128 MP: 12/12
 13184 | Lair:2   | Reached skill level 15 in Unarmed Combat
 13187 | Lair:2   | Received a gift from Okawaru
 13968 | Lair:2   | Found a staircase to the Swamp.
 13968 | Lair:2   | Noticed an eleionoma
 13986 | Lair:2   | Killed an eleionoma
 14083 | Lair:2   | Found a hole to the Spider Nest.
 14384 | Lair:2   | Identified a scroll of acquirement
 14384 | Lair:2   | Acquired the amulet of Rogroe {Reflect rC+ SH+5}
 14438 | Lair:3   | Received a gift from Okawaru
 14813 | Lair:3   | Reached skill level 5 in Armour
 14982 | Lair:3   | Received a gift from Okawaru
 14983 | Lair:3   | Reached skill level 16 in Unarmed Combat
 15272 | Lair:4   | Found a gate leading to a gauntlet.
 15281 | Gauntlet | Entered a Gauntlet
 15281 | Gauntlet | Found a transporter.
 15291 | Gauntlet | Found a transporter.
 15292 | Gauntlet | Found a transporter.
 15292 | Gauntlet | Found a transporter.
 15337 | Gauntlet | Found a runed translucent door.
 15338 | Gauntlet | Found a runed translucent door.
 15341 | Gauntlet | Found a transporter.
 15341 | Gauntlet | Found a transporter.
 15341 | Gauntlet | Found a transporter.
 15381 | Gauntlet | Found a transporter.
 15381 | Gauntlet | Found a transporter.
 15383 | Gauntlet | Found a transporter.
 15426 | Gauntlet | Found a runed translucent door.
 15427 | Gauntlet | Found a transporter.
 15428 | Gauntlet | Found a transporter.
 15428 | Gauntlet | Found a transporter.
 15437 | Gauntlet | Reached skill level 1 in Invocations
 15477 | Gauntlet | Reached XP level 14. HP: 141/141 MP: 13/13
 15501 | Gauntlet | Identified the +1 cloak of the Ecumenical Temple {Fly}
 15530 | Gauntlet | Found a transporter.
 15585 | Gauntlet | Identified the +7 spear of the Stoat {flame, rPois rC-
                  | Dex+2}
 15597 | Gauntlet | Received a gift from Okawaru
 16580 | Lair:5   | Entered Level 5 of the Lair of Beasts
 16593 | Lair:4   | Reached skill level 10 in Fighting
 16928 | Lair:5   | a five-headed hydra changed into a broodmother
 16928 | Lair:5   | Noticed a broodmother
 17215 | Orc:1    | Entered Level 1 of the Orcish Mines
 17216 | Orc:1    | You are sucked into a shaft and drop 1 floor!
 17216 | Orc:2    | Entered Level 2 of the Orcish Mines
 17330 | Orc:2    | Received a gift from Okawaru
 17543 | Orc:2    | Found Heagep's General Store.
 17544 | Orc:2    | Found Koacw's Magic Scroll Shoppe.
 17577 | Orc:2    | Found Zynoac's Antique Armour Boutique.
 17599 | Orc:2    | Reached skill level 1 in Throwing
 17603 | Orc:2    | Reached skill level 17 in Unarmed Combat
 17689 | Orc:2    | Found Ufiehu's Antique Armour Emporium.
 17742 | Orc:2    | Received a gift from Okawaru
 17777 | Orc:2    | Found a staircase to the Elven Halls.
 17893 | Orc:2    | Found Worezech's Jewellery Emporium.
 17902 | Orc:2    | Bought a serpent talisman for 420 gold pieces
 18166 | Orc:2    | Bought an embroidered cloak for 202 gold pieces
 18179 | Orc:2    | Bought a scroll of enchant armour for 112 gold pieces
 19038 | Lair:5   | Received a gift from Okawaru
 19039 | Lair:5   | Reached XP level 15. HP: 133/149 MP: 17/17
 19278 | Lair:5   | Received a gift from Okawaru
 19343 | Lair:5   | Found a viscous altar of Jiyva.
 19343 | Lair:5   | Found a staircase to the Slime Pits.
 19440 | Lair:5   | Found a runed translucent door.
 19566 | Lair:5   | Reached skill level 18 in Unarmed Combat
 19577 | Lair:5   | Identified the +4 dagger "Daunos" {antimagic, Str+4}
 19643 | Lair:5   | Paralysed by a hornet for 3 turns
 19650 | Lair:5   | Paralysed by a hornet for 2 turns
 19673 | Lair:5   | Paralysed by a hornet for 2 turns
 20933 | D:13     | Received a gift from Okawaru
 21316 | D:13     | Noticed Nessos
 21323 | D:13     | Killed Nessos
 21528 | D:13     | Found a gate to the Vaults.
 22318 | D:14     | Reached skill level 5 in Throwing
 22744 | D:15     | Entered Level 15 of the Dungeon
 22787 | D:15     | Noticed Rupert
 22797 | D:15     | Killed Rupert
 23287 | D:14     | Acquired 1012 gold pieces
 23637 | D:15     | Received a gift from Okawaru
 23916 | D:15     | Found a staircase to the Depths.
 24294 | Spider:1 | Entered Level 1 of the Spider Nest
 24781 | Orc:1    | Gained mutation: You occasionally lose the ability to read
                  | scrolls when taking damage. [a neqoxec]
 24813 | Orc:1    | Found Zawuredd's Distillery.
 24856 | Orc:2    | Bought a scroll of fog for 44 gold pieces
 24856 | Orc:2    | Bought a scroll of revelation for 82 gold pieces
 24875 | Orc:2    | Bought a ring of willpower for 350 gold pieces
 25509 | D:2      | Bought a potion of resistance for 120 gold pieces
 25509 | D:2      | Bought a potion of resistance for 120 gold pieces
 25509 | D:2      | Bought a potion of might for 48 gold pieces
 25509 | D:2      | Bought a potion of might for 48 gold pieces
 25509 | D:2      | Bought a potion of curing for 36 gold pieces
 25801 | Spider:4 | Identified the "Iceehab"
 25801 | Swamp:1  | Entered Level 1 of the Swamp
 26430 | Swamp:1  | Received a gift from Okawaru
 26466 | Swamp:1  | Reached XP level 16. HP: 123/158 MP: 18/18
 27256 | Swamp:1  | Noticed a tentacled monstrosity
 27277 | Swamp:1  | Killed a tentacled monstrosity
 27836 | Swamp:2  | Received a gift from Okawaru
 28073 | Swamp:2  | Reached skill level 19 in Unarmed Combat
 28246 | Swamp:2  | Noticed Frances
 28258 | Swamp:2  | Killed Frances
 28824 | Swamp:3  | Paralysed by a hornet for 3 turns
 29969 | Swamp:4  | Entered Level 4 of the Swamp
 30109 | Swamp:4  | Received a gift from Okawaru
 31032 | Swamp:4  | Noticed a thorn hunter
 31247 | Swamp:4  | Killed a thorn hunter
 31247 | Swamp:4  | Received a gift from Okawaru
 31411 | Swamp:4  | Reached XP level 17. HP: 166/166 MP: 19/19
 31468 | Swamp:4  | Got a decaying rune of Zot
 32412 | Spider:1 | Received a gift from Okawaru
 32904 | Spider:1 | Reached skill level 20 in Unarmed Combat
 33563 | Spider:1 | Reached skill level 15 in Shapeshifting
 34702 | Spider:2 | Received a gift from Okawaru
 34783 | Spider:2 | Noticed Arachne
 34793 | Spider:2 | Killed Arachne
 34893 | Spider:2 | Identified the +1 mace of Springtime {vamp, *Rage Fly rCorr
                  | SInv}
 35869 | Spider:3 | Received a gift from Okawaru
 37244 | Spider:4 | Entered Level 4 of the Spider Nest
 37244 | Spider:4 | Found a runed translucent gate.
 37244 | Spider:4 | Found a runed translucent gate.
 37244 | Spider:4 | Found a runed translucent gate.
 37246 | Spider:4 | Noticed flt's ghost (adept DgFE)
 37257 | Spider:4 | Killed flt's ghost
 37257 | Spider:4 | Received a gift from Okawaru
 37274 | Spider:4 | Identified the +0 chain mail "Ahatidach" {Int+2}
 37383 | Spider:4 | Slain by an entropy weaver

Illustrated notes

Levels and vault maps discovered:
D:1:      roderic_dead_forest, layout_basic, hangedman_feature_mirror,
          serial_park_tiny_pond
D:2:      minmay_diamond_boxcup, layout_loops_corners, serial_shops, shop
D:3:      layout_basic, uniq_robin, uniq_terence, uniq_grinder
D:4:      layout_rooms, mainiacjoe_overflow_cross_hatched,
          mainiacjoe_overflow_alcove_1, mainiacjoe_overflow_small_starburst,
          serial_shops, nicolae_shop_bloodbath_and_beyond,
          nicolae_shop_real_fake_doors
D:5:      layout_basic, okawaru_metal_pillars_1_2, ebering_ghost_disaster_area
D:6:      minmay_recursive_quarters, layout_loops_corners,
          nicolae_wu_jian_wuxing_cycle, minmay_temple_entry_antechambers
D:7:      layout_basic, st_stairs_13, uniq_maggie
D:8:      layout_layer_cave, serial_ice, serial_ice_i, serial_ice_m,
          serial_ice_a, serial_ice_n, serial_shops, shop,
          minmay_misc_feat_ornament, minmay_shop_mass, minivault_21,
          minmay_diced_spiral
D:9:      layout_roguey, fedhas_bush_and_centaur_altar,
          nicolae_overflow_hallway_of_the_gods, lair_entry_dummy,
          gammafunk_ghost_smash, dk_noncrumbling_3, nicolae_shop_vocational,
          uniq_erica, uniq_erolcha
D:10:     layout_long_grid, corexii_corridor_pit, minivault_16,
          minmay_shop_damaged
D:11:     layout_roguey, grunt_ministairs_11, uniq_josephine, uniq_urug,
          uniq_fannar
D:12:     layout_stronghold, kennysheep_orc_monster_closet_entryway,
          ashenzari_altar_1, uniq_jorgrun
D:13:     layout_basic, david_vaults_3, lemuel_flamethrower_3
D:14:     layout_gridville
D:15:     grunt_enter_depths_hoard, layout_loops_corners, minmay_misc_feat_room,
          hive_lemuel, uniq_rupert
Temple:   bh_familiar_temple
Lair:1:   layout_layer_cave, grunt_megastairs_2
Lair:2:   layout_chaotic_city, alex1729_swamp_entry_worm_eleionoma,
          hellmonk_spider_entry_not_the_bees, serial_bayou_shore_a
Lair:3:   layout_misc_corridors
Lair:4:   layout_regular_city, gauntlet_entry_generic
Lair:5:   hangedman_lair_caniforms_friends, layout_hall_layers, wormcave,
          slime_entry_1, st_stairs_8, infiniplex_staircase_pool
Swamp:1:  cheibrodos_swamp_monstrosity, layout_falls_marsh,
          wheals_swamp_sinkhole, swamp_pool_5,
          nicolae_swamp_orc_logging_accident
Swamp:2:  layout_basic_swamp, evilmike_swamp_ruin_house_1, swamp_pool_1_2,
          nicolae_swamp_wisp_ring_woods, uniq_frances
Swamp:3:  layout_falls_marsh, evilmike_swamp_ruin_rubble_2
Swamp:4:  swamp, layout_basic_swamp, swamp_pool_3, nicolae_swamp_bunyip_nook,
          infiniplex_staircase_pool_2
Spider:1: layout_chambers, special_room
Spider:2: layout_chambers, drop_trap, uniq_arachne
Spider:3: layout_spider_delve
Spider:4: grunt_spider_rune_parallel, ebering_ghost_rock_garden,
          nicolae_spider_some_kinda_spiderbox
Orc:1:    layout_caves, guppyfry_orc_lava_fort
Orc:2:    st_orc_open, layout_caves, serial_shops, shop

Skill      XL: |  1  2  3  4  5  6  7  8  9 10 11 12 13 14 15 16 17 |
---------------+----------------------------------------------------+-----
Fighting       | 1 2 3 4 5 6 7 8 9 10 | 10.1
Unarmed Combat | 4 5 6 7 8 10 11 13 14 16 17 18 19 20 | 20.6
Shapeshifting  | 4 5 6 7 8 9 10 11 14 16 | 16.3
Dodging        | 3 4 6 |  6.3
Armour         | 3 5 6 8 |  8.2
Invocations    | 1 4 |  4.6
Throwing       | 3 6 8 |  8.2

Action                     |  1- 3 |  4- 6 |  7- 9 | 10-12 | 13-15 | 16-18 || total
---------------------------+-------+-------+-------+-------+-------+-------++-------
  Melee: Unarmed           |    77 |   131 |   312 |   634 |  1347 |   697 ||  3198
         Punch             |     2 |     3 |    12 |       |     1 |    71 ||    89
         Constrict         |       |       |       |       |     2 |     4 ||     6
         Tailslap          |       |       |       |       |       |    23 ||    23
         Bite              |       |       |       |       |       |    18 ||    18
  Throw: Throwing net      |       |       |     1 |       |       |       ||     1
         Large rock        |       |       |       |       |     2 |   139 ||   141
         Javelin           |       |       |       |       |     1 |     6 ||     7
 Invoke: Heroism           |       |       |       |     3 |     6 |     4 ||    13
         Receive Weapon    |       |       |       |     1 |       |       ||     1
         Receive Armour    |       |       |       |     1 |       |       ||     1
Ability: Breathe Fire      |       |       |       |       |       |    12 ||    12
         Begin Untransform |       |       |       |       |       |     1 ||     1
  Evoke: Wand              |       |       |       |     5 |     3 |     1 ||     9
    Use: Scroll            |       |     2 |     9 |     4 |    27 |    12 ||    54
         Potion            |       |       |       |     3 |     9 |     9 ||    21
   Stab: Sleeping          |       |     2 |       |       |       |       ||     2
 Armour: Animal skin       |    32 |    81 |   218 |       |       |       ||   331
         Steam dragon scal |       |       |    25 |   269 |       |       ||   294
         Acid dragon scale |       |       |       |    76 |       |       ||    76
         Pearl dragon scal |       |       |       |    40 |  1023 |   259 ||  1322
         Skin              |       |       |       |       |    43 |   330 ||   373
         Swamp dragon scal |       |       |       |       |       |   297 ||   297
  Dodge: Dodged            |    41 |    53 |   194 |   325 |   468 |   310 ||  1391
  Block: Other             |       |       |       |       |   219 |   131 ||   350
         Reflection        |       |       |       |       |    11 |     2 ||    13
   Form: Flux              |       |       |     1 |       |     7 |     1 ||     9
         Anaconda          |       |       |       |       |     7 |     6 ||    13
                           |       |       |       |       |     2 |     8 ||    10
         Dragon            |       |       |       |       |       |     2 ||     2

Table legend: (Time is in decaauts)
 A = Elapsed time spent in this place.
 B = Non-inter-level travel time spent in this place.
 C = Inter-level travel time spent in this place.
 D = Time resting spent in this place.
 E = Time spent auto-exploring this place.
 F = Levels seen in this place.
 G = Mean time per level.
                   A        B        C        D        E       F      G
               +--------+--------+--------+--------+--------+-----+--------+
         Total |  36648 |  33380 |   3268 |   5710 |  16543 |  32 | 1145.2 |
       Dungeon |  16428 |  14432 |   1996 |   1566 |   9117 |  15 | 1095.2 |
        Temple |      5 |      5 |      0 |      0 |      0 |   1 |    5.0 |
          Lair |   7676 |   6848 |    828 |   1066 |   3480 |   5 | 1535.2 |
         Swamp |   6006 |   5779 |    227 |   2167 |   1187 |   4 | 1501.5 |
   Spider Nest |   5099 |   4938 |    161 |    821 |   2346 |   4 | 1274.8 |
  Orcish Mines |   1094 |   1040 |     54 |     53 |    406 |   2 |  547.0 |
      Gauntlet |    338 |    338 |      0 |     36 |      7 |   1 |  338.0 |
               +--------+--------+--------+--------+--------+-----+--------+

Top non-repeatable levels by time:
Spider:1: 1997 daAuts
    D:12: 1939 daAuts
  Lair:5: 1829 daAuts
  Lair:1: 1749 daAuts
  Lair:2: 1743 daAuts
     D:8: 1728 daAuts
 Swamp:1: 1676 daAuts
Spider:2: 1535 daAuts
 Swamp:3: 1492 daAuts
  Lair:4: 1456 daAuts
 Swamp:4: 1437 daAuts
Spider:3: 1432 daAuts
 Swamp:2: 1400 daAuts
     D:6: 1381 daAuts
    D:15: 1246 daAuts
